 Dungeon Crawl Stone Soup version 0.20.1-1-g8b1a95d (webtiles) character file.

80 Zedayar the Ruffian (level 4, -2/44 HPs)
             Began as a Troll Berserker on Aug 30, 2017.
             Was a Believer of Trog.
             Succumbed to Sigmund's poison
             ... on level 2 of the Dungeon.
             The game lasted 00:03:26 (1548 turns).

Zedayar the Ruffian (Troll Berserker)               Turns: 1548, Time: 00:03:27

Health: -2/44      AC:  5    Str: 26    XL:     4   Next: 18%
Magic:  3/3        EV: 10    Int:  3    God:    Trog [**....]
Gold:   57         SH:  0    Dex:  9    Spells: 3/3 levels left

rFire    . . .     SeeInvis .     - Unarmed
rCold    . . .     Gourm    +   (no shield)
rNeg     . . .     Faith    .   a - +0 animal skin
rPois    .         Spirit   .   (helmet restricted)
rElec    .         Reflect  .   (no cloak)
rCorr    .         Harm     .   (gloves unavailable)
MR       .....                  (boots unavailable)
Stlth    +.........             (no amulet)
Regen    0.6/turn               (no ring)
MPRegen  0.1/turn               (no ring)

@: lethally poisoned (-2 -> -35)
A: unfitting armour, claws 3, fast metabolism 3, gourmand, regeneration 1,
shaggy fur 1, tough skin 2
a: Berserk, Trog's Hand, Burn Spellbooks, Renounce Religion


You were on level 2 of the Dungeon.
You worshipped Trog.
Trog was pleased with you.
You were very full.

You visited 1 branch of the dungeon, and saw 2 of its levels.

You collected 57 gold pieces.

Inventory:

Armour
 a - a +0 animal skin (worn)
Scrolls
 c - 3 scrolls of identify {unknown}
 e - a scroll of remove curse {unknown}
 g - a scroll of enchant armour {unknown}
 i - a scroll of blinking {unknown}
Potions
 f - a potion of agility {unknown}
 h - a potion of might {unknown}
 j - a potion of brilliance {unknown}
Comestibles
 b - 2 bread rations
 d - 4 fruits


   Skills:
 + Level 2.6 Fighting
 + Level 3.1 Dodging
 + Level 4.2 Unarmed Combat


You had 3 spell levels left.
You didn't know any spells.

Dungeon Overview and Level Annotations

Branches:
Dungeon (2/15)

Altars:
Dithmenos
Kikubaaqudgha

Annotations:
D:2 Sigmund


Innate Abilities, Weirdness & Mutations

You are too large for most types of armour.
You have claws for hands.
Your metabolism is lightning-fast.
You like to eat raw meat.
Your natural rate of healing is unusually fast.
You are covered in fur. (AC +1)
You have very tough skin. (AC +2)


Message History

You are more poisoned.
You claw Sigmund!
Sigmund is moderately wounded.
* * * LOW HITPOINT WARNING * * *
You feel very sick.
Sigmund hits you with a scythe of venom.
* * * LOW HITPOINT WARNING * * *
You are more poisoned.
You barely miss Sigmund.
Sigmund is moderately wounded.
* * * LOW HITPOINT WARNING * * *
You feel very sick.
You barely miss Sigmund.
Sigmund is moderately wounded.
* * * LOW HITPOINT WARNING * * *
You feel very sick. Sigmund barely misses you.
You closely miss Sigmund.
Sigmund is moderately wounded.
You die...

###...#.# .......#
#...... #.#..##
..... #..# #.?# #
#.# #.##..##.# #.#
#..@@....# ####.##
#####.####
.##...##### #.#
.#...#....# #.#
.#..###.#.# #.#
.#.## ##..#######.#
....###...........#
##.#.#.##.#########
#.##.###.#


You could see Sigmund.

Vanquished Creatures
  An orc priest (D:2)
  A worm (D:2)
  2 dart slugs (D:1)
  3 leopard geckos (D:1)
  5 orcs (D:2)
  3 bats
  3 goblins (D:1)
  4 hobgoblins (D:1)
  6 jackals
  3 kobolds
  A frilled lizard (D:1)
  A rat (D:2)
33 creatures vanquished.

Notes
Turn   | Place    | Note
-------+----------+-------------------------------------------
     0 | D:1      | Zedayar the Troll Berserker began the quest for the Orb.
     0 | D:1      | Reached XP level 1. HP: 22/22 MP: 0/0
   155 | D:1      | Reached XP level 2. HP: 29/29 MP: 1/1
   636 | D:1      | Reached XP level 3. HP: 36/36 MP: 2/2
   974 | D:2      | Found a shadowy altar of Dithmenos.
   976 | D:2      | Found an ancient bone altar of Kikubaaqudgha.
  1333 | D:2      | Reached skill level 4 in Unarmed Combat
  1333 | D:2      | Reached XP level 4. HP: 31/44 MP: 3/3
  1336 | D:2      | Reached ** piety under Trog
  1538 | D:2      | Noticed Sigmund
  1547 | D:2      | HP: 1/44 [poisoned by Sigmund]
  1548 | D:2      | Succumbed to Sigmund's poison

Skill      XL: |  1  2  3 |
---------------+----------+-----
Dodging        | 3 |  3.1
Unarmed Combat | 4 |  4.2
Fighting       | |  2.6

Action                   |  1- 3 |  4- 6 || total
-------------------------+-------+-------++-------
Melee: Unarmed           |    72 |     7 ||    79
       Punch             |     2 |       ||     2
Invok: Berserk           |     1 |       ||     1
  Eat: Chunk             |     5 |     9 ||    14
       Bread ration      |     1 |       ||     1
Armor: Animal skin       |    29 |     4 ||    33
Dodge: Dodged            |    28 |    13 ||    41
